 Dungeon Crawl Stone Soup version 0.29.1-15-g9cfb28693d (webtiles) character file.

Game seed: 16253424917346951354

32 hawla the Firebug (level 3, -1/26 HPs)
             Began as a Meteoran Fire Elementalist on Apr 4, 2023.
             Was an Initiate of Gozag.
             Slain by an iguana (14 damage)
             ... on level 4 of the Dungeon.
             The game lasted 00:03:59 (1023 turns).

hawla the Firebug (Meteoran Fire Elementalist)      Turns: 1023, Time: 00:04:00

Health: -1/26      AC:  2    Str: 10    XL:     3   Next: 64%
Magic:  1/8        EV: 13    Int: 18    God:    Gozag
Gold:   22         SH:  0    Dex: 14    Spells: 5/8 levels left

rFire   . . .      SeeInvis .   d - staff of death
rCold   . . .      Faith    .   (no shield)
rNeg    + . .      Spirit   .   a - +0 robe
rPois   .          Reflect  .   (no helmet)
rElec   .          Harm     .   (no cloak)
rCorr   .          Rampage  .   (no gloves)
Will    .....                   (no boots)
Stlth   +.........              l - amulet of the acrobat
HPRegen 0.08/turn               i - ring of flight
MPRegen 0.11/turn               c - ring of wizardry

@: flying, glowing
A: sense surroundings 1, otherworldly, glowing, explore regen
a: Renounce Religion, Potion Petition, Call Merchant, Bribe Branch


You were on level 4 of the Dungeon.
You worshipped Gozag.
Gozag was noncommittal.
You visited 2 branches of the dungeon, and saw 5 of its levels.

You collected 74 gold pieces.
You paid 52 gold pieces to Gozag.

Inventory:

Armour
 a - a +0 robe (worn)
Magical Staves
 d - a staff of death (weapon)
Jewellery
 c - a ring of wizardry (right hand)
 i - a ring of flight (left hand)
 l - an amulet of the acrobat (around neck)
Wands
 e - a wand of paralysis (1) (quivered)
Scrolls
 f - a scroll of poison
Potions
 b - 2 potions of magic
 g - a potion of ambrosia {unknown}
 h - a potion of invisibility {unknown}
 j - 2 potions of curing {unknown}
 k - a potion of brilliance {unknown}
 m - a potion of berserk rage {unknown}


   Skills:
 - Level 2.9 Dodging
 - Level 1.4 Stealth
 - Level 3.4 Spellcasting
 - Level 1.4 Conjurations
 - Level 4.2 Fire Magic
 + Level 0.1 Evocations


You had 5 spell levels left.
You knew the following spells:

 Your Spells              Type           Power      Damage    Failure   Level
a - Foxfire               Conj/Fire      52%        2x1d6     1%          1
b - Scorch                Fire           36%        2d6       1%          2

Your spell library contained the following spells:

 Spells                   Type           Power      Damage    Failure   Level
 Conjure Flame            Conj/Fire      13%        6-21      6%          3
 Inner Flame              Hex/Fire       10%        N/A       9%          3
 Flame Wave               Conj/Fire      13%        2d6       19%         4


Dungeon Overview and Level Annotations

Branches:
Dungeon (4/15) Zot: 1404   Temple (1/1) D:4 Zot: 571

Altars:
Ashenzari
Cheibriados
Fedhas
Gozag
Hepliaklqana
Kikubaaqudgha
Makhleb
Nemelex Xobeh
Okawaru
Ru
Sif Muna
Trog
Vehumet
Wu Jian
Xom
Yredelemnul
The Shining One

Shops:
D:3 [   D:4 *

Annotations:
Temple 2 transporters


Innate Abilities, Weirdness & Mutations

You passively map a small area around you.
You are easily found by Zot.
You glow in the dark.
You regain HP and MP as you explore.


Message History

The foxfire hits the iguana but does no damage.
The foxfire hits the iguana.
The iguana is lightly wounded.
Unknown command.
Casting: Scorch (safe; 1% risk of failure)
Confirm with . or Enter, or press ? or * to list all spells.
Flames lash the iguana.
The iguana is severely wounded.
The iguana's fire resistance burns away.
The iguana bites you.
Casting: Scorch (safe; 1% risk of failure)
Confirm with . or Enter, or press ? or * to list all spells.
Flames lash the iguana.
The iguana is burned terribly!
The iguana is almost dead.
The iguana bites you!
Casting: Scorch (safe; 1% risk of failure)
Confirm with . or Enter, or press ? or * to list all spells.
You don't have enough magic to cast this spell.
Casting: Scorch (safe; 1% risk of failure)
Confirm with . or Enter, or press ? or * to list all spells.
You conjure some foxfire!
The iguana closely misses you.
You closely miss the iguana.
The iguana is almost dead.
The foxfire hits the iguana but does no damage.
The iguana is almost dead.
The foxfire hits the iguana but does no damage.
The iguana is almost dead.
The iguana misses you.
You hit the iguana but do no damage.
The iguana is almost dead.
The iguana closely misses you.
You hit the iguana but do no damage.
The iguana is almost dead.
The iguana barely misses you. x2
You hit the iguana.
The iguana is almost dead.
The iguana bites you!
Ouch! That really hurt!
You die...
Your body crumbles into a pile of gold.

* * * , * * #.# , *
#.#, , * , *, , ,
,#.# $* * , ** *
#.#### # , , .....,
* ** #<.# * ,
############l###.###
**
#...........@.......
#.###########.##.###
## #.# .# #. #.#
.#*,, #.
#####.####### .#*, #
........<...., ..
############# , .. >
# , .. ,, # , * .


You could see an iguana (combustible).

Vanquished Creatures
  2 dart slugs (D:3)
  2 endoplasms (D:1)
  2 giant cockroaches (D:1)
  2 goblins
  4 hobgoblins
  5 kobolds
  A quokka (D:4)
  2 ball pythons
  2 bats (D:1)
  3 frilled lizards
  2 rats (D:1)
27 creatures vanquished.

Vanquished Creatures (others)
  40 foxfires
40 creatures vanquished.

Grand Total: 67 creatures vanquished

Notes
Turn   | Place    | Note
-------+----------+-------------------------------------------
     0 | D:1      | hawla the Meteoran Fire Elementalist began the quest for
                  | the Orb.
     0 | D:1      | Reached XP level 1. HP: 14/14 MP: 5/5
   118 | D:1      | Reached XP level 2. HP: 18/20 MP: 4/6
   121 | D:1      | Learned a level 2 spell: Scorch
   244 | D:1      | Reached skill level 4 in Fire Magic
   431 | D:2      | Reached XP level 3. HP: 26/26 MP: 5/8
   701 | D:3      | Found Redoyng's Armour Emporium.
   907 | D:4      | Found Xeujowia's Elemental Accessories.
   924 | D:4      | Found a staircase to the Ecumenical Temple.
   934 | Temple   | Entered the Ecumenical Temple
   934 | Temple   | Found a transporter.
   934 | Temple   | Found a transporter.
   936 | Temple   | Found a transporter.
   936 | Temple   | Found a transporter.
   946 | Temple   | Became a worshipper of Gozag Ym Sagoz the Greedy
  1023 | D:4      | Slain by an iguana

Illustrated notes

Levels and vault maps discovered:
D:1:      scummos_arrival_forest, layout_basic, serial_forest,
          infiniplex_forest_straight_3, infiniplex_forest_lined_2,
          infiniplex_forest_straight_3, infiniplex_forest_end_3,
          infiniplex_forest_lined_room_2, infiniplex_forest_end_3,
          infiniplex_forest_end_1, minmay_pentomino_w2
D:2:      layout_basic
D:3:      layout_loops_ring, shapermc_ecumenical_altar_starsandcircs,
          serial_shops, shop_fountains, hangedman_decor_slide_cut
D:4:      layout_loops_ring, minmay_temple_entry_water_ring,
          nicolae_elemental_shop, roderic_lattice_a, cheibrodos_gnoll_hut
Temple:   hellmonk_temple_divided_pantheon

Skill      XL: |  1  2 |
---------------+-------+-----
Spellcasting   | 3 |  3.4
Fire Magic     | 4 |  4.2
Dodging        | |  2.9
Stealth        | |  1.4
Conjurations   | |  1.4
Evocations     | |  0.1

Action                   || total
-------------------------++-------
Melee: Unarmed           ||    10
       Staff             ||     9
 Cast: Foxfire           ||    23
       Scorch            ||    15
  Use: Scroll            ||     5
Armor: Robe              ||    12
Dodge: Dodged            ||    20
